 Dungeon Crawl Stone Soup version 0.20.1-1-g8b1a95d (webtiles) character file.

25 Michaellaneous the Grave Robber (level 2, -2/15 HPs)
             Began as a Deep Elf Necromancer on Oct 26, 2017.
             Slain by a hobgoblin
             ... wielding a +0 club
              (4 damage)
             ... on level 2 of the Dungeon.
             The game lasted 00:07:01 (1377 turns).

Michaellaneous the Grave Robber (DENe)              Turns: 1377, Time: 00:07:01

Health: -2/15      AC:  2    Str:  5    XL:     2   Next: 82%
Magic:  7/8        EV: 13    Int: 19    God:
Gold:   169        SH:  0    Dex: 15    Spells: 5/7 levels left

rFire    . . .     SeeInvis .   p - +1 scythe (venom)
rCold    . . .     Gourm    .   (shield currently unavailable)
rNeg     . . .     Faith    .   a - +0 robe
rPois    .         Spirit   .   (no helmet)
rElec    .         Reflect  .   (no cloak)
rCorr    .         Harm     .   (no gloves)
MR       .....                  (no boots)
Stlth    ++........             (no amulet)
Regen    0.1/turn               (no ring)
MPRegen  0.2/turn               (no ring)

@: no status effects
A: no striking features
a: no special abilities


You were on level 2 of the Dungeon.
You were not hungry.

You visited 1 branch of the dungeon, and saw 2 of its levels.

You collected 169 gold pieces.

Inventory:

Hand Weapons
 j - a +0 dagger
 p - a +1 scythe of venom (weapon)
Armour
 a - a +0 robe (worn)
Jewellery
 o - a +2 ring of protection {unknown}
Scrolls
 d - 2 scrolls of identify
 e - a scroll of enchant armour {unknown}
 l - 2 scrolls of remove curse {unknown}
 m - a scroll of noise {unknown}
Potions
 g - a potion of brilliance {unknown}
 i - a potion of curing {unknown}
 k - a potion of agility {unknown}
Books
 b - a book of Necromancy

   Spells                             Type                      Level
   a - Pain                           Necromancy                   1
   b - Animate Skeleton               Necromancy                   1
   c - Vampiric Draining              Necromancy                   3
   d - Regeneration                   Charms/Necromancy            3
   e - Animate Dead                   Necromancy                   4
   f - Control Undead                 Necromancy                   4
Comestibles
 c - a bread ration
 h - a meat ration
 n - 4 chunks of flesh


   Skills:
 - Level 2.4 Dodging
 + Level 2.8 Stealth
 * Level 3.4 Spellcasting
 * Level 5.5 Necromancy


You had 5 spell levels left.
You knew the following spells:

 Your Spells              Type           Power        Failure   Level  Hunger
a - Pain                  Necr           ###.         1%          1    None
b - Animate Skeleton      Necr           N/A          1%          1    None


Dungeon Overview and Level Annotations

Branches:
Dungeon (2/15)

Altars:
Nemelex Xobeh


Message History

A hobgoblin comes into view. It is wielding a club.
Found 11 gold pieces.
The hobgoblin shouts!
You start resting.
You feel a bit more experienced.
You start resting.
Casting: Pain
Confirm with . or Enter, or press ? or * to list all spells.
Aiming: Pain
Press: ? - help, Shift-Dir - straight line, f - hobgoblin
Aim: a hobgoblin, wielding a club (chance to defeat MR: 93%)
The hobgoblin writhes in agony!
You hit the hobgoblin.
The hobgoblin is almost dead.
The hobgoblin hits you with a club.
* * * LOW HITPOINT WARNING * * *
The hobgoblin closely misses you.
You completely miss the hobgoblin.
The hobgoblin is almost dead.
The hobgoblin barely misses you. The hobgoblin hits you with a club.
You die...

####### #.....#
# #.....# .#
#.....###.###
#............
.###
#...........#
.... #@......#
..## #g......#
#......$#
########........
#...............
#.g.......####..
######
#........$# .
#.....
#.........#
#.....
#.........#
#.....


You could see a hobgoblin.

Vanquished Creatures
  A dart slug (D:2)
  3 bats (D:1)
  3 giant cockroaches (D:1)
  4 goblins
  A hobgoblin (D:1)
  2 jackals (D:1)
  A quokka (D:2)
  A frilled lizard (D:2)
  3 kobolds
19 creatures vanquished.

Vanquished Creatures (collateral kills)
  A rat (D:1)
1 creature vanquished.

Grand Total: 20 creatures vanquished

Notes
Turn   | Place    | Note
-------+----------+-------------------------------------------
     0 | D:1      | Michaellaneous the Deep Elf Necromancer began the quest for the Orb.
     0 | D:1      | Reached XP level 1. HP: 10/10 MP: 6/6
     5 | D:1      | Learned a level 1 spell: Animate Skeleton
   203 | D:1      | Reached skill level 5 in Necromancy
   346 | D:1      | Reached XP level 2. HP: 14/15 MP: 5/8
   522 | D:1      | Found a sparkling altar of Nemelex Xobeh.
  1377 | D:2      | Slain by a hobgoblin

Skill      XL: |  1 |
---------------+----+-----
Necromancy     | 5 |  5.5
Dodging        | |  2.4
Stealth        | |  2.8
Spellcasting   | |  3.4

Action                   || total
-------------------------++-------
Melee: Dagger            ||    11
       Scythe            ||     5
 Cast: Pain              ||    31
       Animate Skeleton  ||     4
  Use: Scroll            ||     3
  Eat: Chunk             ||     1
Armor: Robe              ||    20
Dodge: Dodged            ||    37
